 Dungeon Crawl Stone Soup version 0.23.2 (webtiles) character file.

Game seed: 7709039736067768471

306 Borgoz the Covered (level 6, -3/38 HPs)
             Began as a Gargoyle Fighter on Apr 9, 2019.
             Slain by an ogre
             ... wielding a +0 giant spiked club
              (29 damage)
             ... on level 4 of the Dungeon.
             The game lasted 00:04:49 (3889 turns).

Borgoz the Covered (Gargoyle Fighter)               Turns: 3889, Time: 00:04:50

Health: -3/38      AC: 11    Str: 19    XL:     6   Next: 39%
Magic:  6/6        EV:  8    Int:  9    God:
Gold:   203        SH:  9    Dex: 11    Spells: 5/5 levels left

rFire    . . .     SeeInvis .   a - +0 rapier
rCold    . . .     Gourm    .   c - +0 shield
rNeg     + . .     Faith    .   b - +0 scale mail
rPois    ∞         Spirit   .   (no helmet)
rElec    +         Reflect  .   (no cloak)
rCorr    .         Harm     .   (no gloves)
MR       .....                  (no boots)
Stlth    +.........             (no amulet)
HPRegen  0.12/turn              (no ring)
MPRegen  0.10/turn              (no ring)

@: no status effects
A: negative energy resistance 1, electricity resistance, unbreathing,
petrification resistance, rot immunity, AC +4
a: no special abilities


You were on level 4 of the Dungeon.
You were not hungry.

You visited 1 branch of the dungeon, and saw 4 of its levels.
You also visited: Ossuary.

You collected 203 gold pieces.

Inventory:

Hand Weapons
 a - a +0 rapier (weapon)
 n - a +0 rapier
Missiles
 m - 2 throwing nets (quivered)
Armour
 b - a +0 scale mail (worn)
 c - a +0 shield (worn)
Scrolls
 e - a scroll of blinking
 j - 4 scrolls of identify
 l - a scroll of brand weapon {unknown}
 q - a scroll of noise {unknown}
 r - a scroll of enchant armour {unknown}
 t - a scroll of teleportation
Potions
 d - a potion of might
 g - a potion of heal wounds
 h - a potion of agility
 i - a potion of brilliance
 k - 2 potions of curing {unknown}
 o - 2 potions of lignification {unknown}
 p - a potion of flight {unknown}
 s - 2 potions of ambrosia {unknown}
Comestibles
 f - 9 rations


   Skills:
 + Level 3.9 Fighting
 * Level 3.4 Short Blades
 + Level 4.1 Armour
 * Level 2.2 Dodging
 + Level 2.3 Stealth
 + Level 4.0 Shields


You had 5 spell levels left.
You didn't know any spells.
Your spell library was empty.

Dungeon Overview and Level Annotations

Branches:
Dungeon (4/15)
 Temple: D:4-7

Altars:
Qazlal
Ru
Trog
Vehumet


Innate Abilities, Weirdness & Mutations

You are resistant to torment.
Your stone body is resilient. (AC +4)
You are immune to poison.
You resist negative energy. (rN+)
You are resistant to electric shocks. (rElec)
You can survive without breathing.
You are immune to petrification.
You are immune to rotting.


Message History

The ogre is too close now for your liking.
You hit the ogre.
The ogre is lightly wounded.
You block the ogre's attack.
You hit the ogre.
The ogre is moderately wounded.
The ogre barely misses you.
You hit the ogre.
The ogre is moderately wounded.
You barely miss the ogre.
The ogre is moderately wounded.
The ogre hits you with a +0 giant spiked club!
You barely miss the ogre.
The ogre is moderately wounded.
You block the ogre's attack.
You hit the ogre.
The ogre is moderately wounded.
The ogre hits you with a +0 giant spiked club!!
Ouch! That really hurt!
You die...

......#
#.#.....'.##..#
#####
#.#.#...###..##
#...##..##..##
#...###.#..##
#...+ ##..##
#.#.###..##
#.#.##..##
####..O#..##
.......@.##
######.(## #.##
##


You could see an ogre.

Vanquished Creatures
  An orc wizard (D:3)
  Terence (D:3)
  A worker ant (D:4)
  2 big kobold zombies (Ossuary)
  2 mummies
  4 gnolls (D:2)
  An adder (D:2)
  2 oozes
  3 worms
  3 dart slugs (D:1)
  4 orcs (D:3)
  3 spectral bats (Ossuary)
  A giant cockroach (D:3)
  5 goblins
  5 hobgoblins
  A quokka (D:3)
  A ball python (D:4)
  2 bats
  5 bat simulacra (Ossuary)
  9 frilled lizards
  10 gnoll zombies (Ossuary)
  3 goblin simulacra (Ossuary)
  2 goblin zombies (Ossuary)
  7 hobgoblin zombies (Ossuary)
  7 kobolds
  3 kobold simulacra (Ossuary)
  3 kobold zombies (Ossuary)
  7 orc zombies
  5 rats
  3 rat simulacra (Ossuary)
  2 spectral goblins (Ossuary)
  3 spectral kobolds (Ossuary)
  3 spectral rats (Ossuary)
114 creatures vanquished.

Notes
Turn   | Place    | Note
-------+----------+-------------------------------------------
     0 | D:1      | Borgoz the Gargoyle Fighter began the quest for the Orb.
     0 | D:1      | Reached XP level 1. HP: 14/14 MP: 1/1
   232 | D:1      | Reached XP level 2. HP: 19/19 MP: 2/2
   956 | D:2      | Found a radiant altar of Vehumet.
  1215 | D:2      | Reached skill level 1 in Stealth
  1215 | D:2      | Reached XP level 3. HP: 18/23 MP: 3/3
  1335 | D:2      | Reached skill level 1 in Dodging
  1420 | D:2      | Found a bloodstained altar of Trog.
  1426 | D:2      | Reached XP level 4. HP: 21/28 MP: 4/4
  2159 | D:3      | Found a sacrificial altar of Ru.
  2204 | D:3      | Noticed Terence
  2210 | D:3      | Killed Terence
  2210 | D:3      | Reached XP level 5. HP: 10/32 MP: 5/5
  3287 | D:4      | Found a stormy altar of Qazlal.
  3350 | D:4      | Found a sand-covered staircase.
  3365 | Ossuary  | Entered an ossuary
  3424 | Ossuary  | Reached XP level 6. HP: 31/38 MP: 6/6
  3889 | D:4      | Slain by an ogre

Skill      XL: |  1  2  3  4  5  6 |
---------------+-------------------+-----
Short Blades   | 2 3 |  3.4
Stealth        | 1 2 |  2.3
Dodging        | 1 2 |  2.2
Armour         | 4 |  4.1
Shields        | 4 |  4.0
Fighting       | |  3.9

Action                   |  1- 3 |  4- 6 || total
-------------------------+-------+-------++-------
Melee: Rapier            |    95 |   336 ||   431
  Use: Scroll            |       |     7 ||     7
       Potion            |       |     2 ||     2
  Eat: Chunk             |     1 |     7 ||     8
       Ration            |       |     1 ||     1
Armor: Scale mail        |    34 |   124 ||   158
Dodge: Dodged            |    26 |    81 ||   107
Block: Shield            |    35 |   163 ||   198
